 Dungeon Crawl Stone Soup version 0.25-a0-317-g5f8687bca5 (webtiles) character file.

Game seed: 2351329488752401843, levelgen mode: deterministic

1077 Baz the Firebug (level 8, 0/81 HPs)
             Began as a Barachi Fire Elementalist on Dec 26, 2019.
             Killed by divine providence
             ... invoked by an orc priest
              (12 damage)
             ... on level 5 of the Dungeon.
             The game lasted 00:21:13 (6489 turns).

Baz the Firebug (Barachi Fire Elementalist)         Turns: 6489, Time: 00:21:13

Health: 0/81       AC:  4    Str: 13 (15) XL:     8   Next: 29%
Magic:  2/14       EV: 12    Int: 14 (17) God:
Gold:   357        SH:  4    Dex: 11 (13) Spells: 7/15 levels left

rFire    . . .     SeeInvis .   j - +2 dagger (drain)
rCold    . . .     Gourm    .   g - +0 buckler
rNeg     . . .     Faith    .   a - +0 robe
rPois    .         Spirit   .   (no helmet)
rElec    .         Reflect  .   (no cloak)
rCorr    .         Harm     .   m - +0 pair of gloves
MR       .....                  s - +0 pair of boots
Stlth    ..........             (no amulet)
HPRegen  0.23/turn              (no ring)
MPRegen  0.14/turn              (no ring)

@: berserking, flying, very quick
A: +LOS, swims, slowness 1, strong legs 1
a: Hop


You were on level 5 of the Dungeon.
You were near starving.

You visited 1 branch of the dungeon, and saw 6 of its levels.
You also visited: Ossuary.

You collected 357 gold pieces.

Inventory:

Hand Weapons
 j - a +2 dagger of draining (weapon)
Missiles
 u - 6 curare-tipped darts (quivered)
Armour
 a - a +0 robe (worn)
 g - a +0 buckler (worn)
 m - a +0 pair of gloves (worn)
 s - a +0 pair of boots (worn)
Jewellery
 k - an uncursed ring of stealth {unknown}
 t - an uncursed ring of positive energy {unknown}
Wands
 f - a wand of flame (10)
Scrolls
 b - 2 scrolls of enchant weapon
 d - 8 scrolls of remove curse
 e - 2 scrolls of fog
 h - 3 scrolls of magic mapping
 i - 2 scrolls of teleportation
 l - 3 scrolls of identify
 o - a scroll of fear {unknown}
 p - a scroll of blinking {unknown}
Potions
 q - a potion of might {unknown}
 v - a potion of lignification
 w - 2 potions of degeneration
 x - a potion of brilliance
 z - a potion of cancellation
Comestibles
 c - 9 rations


   Skills:
 - Level 1.0 Fighting
 - Level 2.1 Dodging
 - Level 1.7 Stealth
 + Level 3.6 Shields
 + Level 4.3 Spellcasting
 * Level 6.0 Conjurations
 * Level 6.8 Fire Magic


You had 7 spell levels left.
You knew the following spells:

 Your Spells              Type           Power        Failure   Level  Hunger
a - Foxfire               Conj/Fire      ###.         1%          1    None
b - Sticky Flame          Conj/Fire      ###.....     14%         4    ####...
c - Conjure Flame         Conj/Fire      ###.....     4%          3    ###....

Your spell library contained the following spells:

 Spells                   Type           Power        Failure   Level  Hunger
 Inner Flame              Hex/Fire       ##......     14%         3    ###....
 Fireball                 Conj/Fire      ###.......   36%         5    ######.


Dungeon Overview and Level Annotations

Branches:
Dungeon (6/15)            Ossuary (visited)
 Temple: D:4-7

Altars:
Wu Jian
The Shining One


Innate Abilities, Weirdness & Mutations

You can be seen from farther away. (+LOS)
You can swim through water.
You cover ground slowly.
You can hop short distances.


Message History

You barely miss the orc priest.
The orc priest is lightly wounded.
The orc priest casts a cantrip, but nothing happens.
Unknown command.
It was a potion of degeneration.
There was something very wrong with that liquid.
You feel weakened.
You feel dopey.
You feel clumsy. The orc priest barely misses you.
It was a potion of flight.
You feel very buoyant.
You fly up into the air.
You block the orc priest's attack.
It was a potion of berserk rage.
A red film seems to cover your vision as you go berserk!
You feel yourself moving faster!
You feel mighty! The orc priest hits you.
* * * LOW HITPOINT WARNING * * *
You hit the orc priest. You drain the orc priest.
The orc priest is severely wounded.
The orc priest invokes the aid of Beogh against you.
Beogh smites you!
You die...

#.* #.# *,* * #.*
##.## *,******** #.*
##...## *,**,,,,,, #.*
##..)..## *,,,,*****
#.#####.......##******
* #..............# *
#######.......## ***
##>..[).# *,, ##@o○#.#
******,, ##.##o#
*,,,,,,, #.##.#
*,***,,, #.##o# *,*
*,,, #.##.#####.###,**
#.##...ooo....,**
#.########o###***
#..,,,,,,,,,,**,,
###*******,*.#*,*


You could see an orc priest.

Vanquished Creatures
  Edmund (D:4)
  A phantom (D:4)
  2 elf zombies (Ossuary)
  A scorpion (D:4)
  A centaur zombie (Ossuary)
  A hound (D:5)
  2 human zombies (Ossuary)
  2 orc wizards
  Jessica (D:3)
  Ijyb (D:4)
  6 worker ants
  A hound skeleton (D:5)
  A hound zombie (Ossuary)
  3 mummies (Ossuary)
  Robin (D:3)
  10 adders
  A shadow imp (D:5)
  An ooze (D:2)
  An adder skeleton (D:4)
  An adder zombie (Ossuary)
  3 worms
  2 dart slugs
  5 leopard geckos
  5 orcs
  A ball python (D:3)
  7 bats
  8 giant cockroaches
  3 gnoll zombies (Ossuary)
  15 goblins
  12 hobgoblins
  2 jackals (D:2)
  3 quokkas
  7 frilled lizards
  6 goblin zombies (Ossuary)
  2 hobgoblin zombies (Ossuary)
  A jackal zombie (Ossuary)
  7 kobolds
  A kobold zombie (Ossuary)
  2 orc zombies (Ossuary)
  3 quokka zombies
  3 rats
  3 rat zombies (Ossuary)
140 creatures vanquished.

Vanquished Creatures (others)
  484 foxfires
484 creatures vanquished.

Grand Total: 624 creatures vanquished

Notes
Turn   | Place    | Note
-------+----------+-------------------------------------------
     0 | D:1      | Baz the Barachi Fire Elementalist began the quest for the
                  | Orb.
     0 | D:1      | Reached XP level 1. HP: 13/13 MP: 3/3
   233 | D:1      | Reached XP level 2. HP: 19/20 MP: 1/5
   621 | D:1      | Reached skill level 1 in Fighting
   658 | D:1      | Reached XP level 3. HP: 26/26 MP: 6/6
  1231 | D:2      | Reached XP level 4. HP: 32/32 MP: 6/8
  1256 | D:2      | Learned a level 4 spell: Sticky Flame
  1260 | D:2      | Learned a level 3 spell: Conjure Flame
  1311 | D:2      | Found a glowing golden altar of the Shining One.
  1851 | D:2      | You fall into a shaft and drop 1 floor!
  1851 | D:3      | Found a faded altar of an unknown god.
  1860 | D:3      | Reached skill level 1 in Shields
  2249 | D:3      | Noticed Robin
  2259 | D:3      | Killed Robin
  2259 | D:3      | Reached XP level 5. HP: 35/37 MP: 0/9
  2402 | D:3      | Noticed Jessica
  2408 | D:3      | Killed Jessica
  3447 | D:4      | Reached XP level 6. HP: 42/43 MP: 3/10
  3601 | D:4      | Noticed Ijyb
  3633 | D:4      | Killed Ijyb
  3633 | D:4      | Reached skill level 5 in Fire Magic
  4091 | D:4      | Noticed a phantom
  4108 | D:4      | Killed a phantom
  4234 | D:4      | Reached XP level 7. HP: 48/48 MP: 5/12
  4340 | D:4      | Noticed Edmund
  4367 | D:4      | Killed Edmund
  4518 | D:5      | Entered Level 5 of the Dungeon
  4585 | D:5      | Found a sand-covered staircase.
  4590 | Ossuary  | Entered an ossuary
  4655 | Ossuary  | Reached skill level 5 in Conjurations
  5483 | Ossuary  | Reached XP level 8. HP: 51/54 MP: 4/14
  6420 | D:6      | Found an ornate altar of the Wu Jian Council.
  6489 | D:5      | Killed from afar by an orc priest

Levels and vault maps discovered:
D:1:      lemuel_arrival_rhombus, layout_basic, minmay_tetromino_o4
D:2:      layout_loops_ring, lemuel_coloured_pillars_altar,
          uniq_crazy_yiuf_cottage
D:3:      layout_basic, first_ration, chequers_ecumenical_altar_island,
          uniq_robin, uniq_jessica
D:4:      layout_gridville, minmay_fractal_squares_diagonal_5, uniq_ijyb,
          uniq_edmund
D:5:      layout_loops_ring, gup_sewer_entry_pipe, enter_ossuary_2,
          minivault_19, uniq_blork_the_orc
D:6:      layout_loops_ring, lemuel_crystal_altar, minmay_temple_entry_arrows,
          uniq_sigmund

Skill      XL: |  1  2  3  4  5  6  7  8 |
---------------+-------------------------+-----
Fighting       | 1 |  1.0
Conjurations   | 2 3 4 5 6 |  6.0
Fire Magic     | 4 5 6 |  6.8
Shields        | 1 2 3 |  3.6
Spellcasting   | 3 4 |  4.3
Dodging        | |  2.1
Stealth        | |  1.7

Action                   |  1- 3 |  4- 6 |  7- 9 || total
-------------------------+-------+-------+-------++-------
Melee: Unarmed           |     2 |     5 |       ||     7
       Dagger            |    10 |    33 |   175 ||   218
 Cast: Foxfire           |    41 |   129 |   124 ||   294
       Conjure Flame     |       |     4 |    11 ||    15
       Sticky Flame      |       |       |     2 ||     2
 Abil: Hop               |       |       |     2 ||     2
Evoke: Wand              |       |       |     2 ||     2
  Use: Scroll            |     1 |       |     5 ||     6
       Potion            |       |     4 |     3 ||     7
 Stab: Sleeping          |     1 |       |       ||     1
  Eat: Chunk             |     2 |    10 |     4 ||    16
       Ration            |       |       |     1 ||     1
Armor: Robe              |     8 |    12 |    55 ||    75
       Skin              |       |     3 |       ||     3
Dodge: Dodged            |    19 |    37 |   120 ||   176
Block: Buckler           |       |       |    33 ||    33

Table legend:
 A = Non-vault XP
 B = Vault XP
 C = Vault XP percentage of total XP
 D = Non-vault monster count
 E = Vault monster count
 F = Vault count percentage of total count
                 A         B        C        D         E       F
            +---------+---------+-------+---------+---------+-------
      Total |     742 |     797 |  51.8 |      80 |      60 |  42.9
            +---------+---------+-------+---------+---------+-------
        D:1 |      32 |       5 |  13.5 |      16 |       3 |  15.8
        D:2 |      87 |       0 |   0.0 |      20 |       0 |   0.0
        D:3 |      35 |      71 |  67.0 |      17 |      13 |  43.3
        D:4 |     282 |     276 |  49.5 |      12 |       6 |  33.3
        D:5 |     306 |      19 |   5.8 |      15 |       8 |  34.8
    Ossuary |       0 |     426 | 100.0 |       0 |      30 | 100.0
            +---------+---------+-------+---------+---------+-------
